 Dungeon Crawl Stone Soup version 0.28-a0-474-g535839065c (webtiles) character file.

Game seed: 2276006173759201113

1341 pokeman the Thaumaturge (level 8, 0/45 HPs)
             Began as a Deep Elf Hedge Wizard on Sept 15, 2021.
             Was an Initiate of Vehumet.
             Slain by a killer bee zombie (6 damage)
             ... on level 6 of the Dungeon.
             The game lasted 00:10:04 (5981 turns).

pokeman the Thaumaturge (Deep Elf Hedge Wizard)     Turns: 5981, Time: 00:10:05

Health: 0/45       AC:  3    Str:  7    XL:     8   Next: 35%
Magic:  18/23      EV: 12    Int: 22    God:    Vehumet [......]
Gold:   307        SH:  0    Dex: 14    Spells: 15/26 levels left

rFire   + . .      SeeInvis .   o - +3 whip (venom)
rCold   + . .      Faith    .   (no shield)
rNeg    . . .      Spirit   .   h - +0 leather armour
rPois   .          Reflect  .   c - +0 hat
rElec   .          Harm     .   A - scarf {rC+ rF+}
rCorr   .          Rampage  .   (no gloves)
Will    .....                   (no boots)
Stlth   ++........              (no amulet)
HPRegen 0.15/turn               C - ring of flight
MPRegen 0.18/turn               (no ring)

@: flying
A: no striking features
a: Renounce Religion


You were on level 6 of the Dungeon.
You worshipped Vehumet.
Vehumet was noncommittal.
You visited 2 branches of the dungeon, and saw 7 of its levels.

You collected 307 gold pieces.

Inventory:

Hand Weapons
 o - a +3 whip of venom (weapon)
Missiles
 f - 36 bolts
 i - 53 arrows
Armour
 c - a +0 hat (worn)
 h - a +0 leather armour (worn)
 A - a scarf of resistance (worn)
Jewellery
 y - an amulet of faith
 C - a ring of flight (left hand)
Wands
 t - a wand of acid (11)
 D - a wand of iceblast (6)
Scrolls
 b - 2 scrolls of fear {unknown}
 g - a scroll of enchant weapon {unknown}
 k - 3 scrolls of immolation {unknown}
 m - a scroll of teleportation {unknown}
 n - 2 scrolls of blinking {unknown}
 p - 8 scrolls of identify {unknown}
 q - 2 scrolls of enchant armour {unknown}
 r - 2 scrolls of amnesia {unknown}
 v - a scroll of vulnerability {unknown}
 x - a scroll of noise {unknown}
 B - a scroll of acquirement {unknown}
Potions
 a - a potion of degeneration {unknown}
 d - 2 potions of ambrosia {unknown}
 e - a potion of brilliance {unknown}
 j - a potion of flight {unknown}
 l - a potion of heal wounds {unknown}
 s - a potion of magic {unknown}
 u - a potion of curing {unknown}
 w - a potion of might {unknown}
 z - a potion of berserk rage {unknown}


   Skills:
 - Level 2.4 Fighting
 + Level 1.6 Armour
 - Level 3.2 Dodging
 - Level 3.3 Stealth
 * Level 9.5 Spellcasting
 + Level 5.0 Conjurations
 - Level 3.0 Summonings
 - Level 1.1 Translocations
 + Level 2.2 Fire Magic
 - Level 1.1 Air Magic
 - Level 1.0 Poison Magic
 - Level 1.0 Evocations


You had 15 spell levels left.
You knew the following spells:

 Your Spells              Type           Power      Damage    Failure   Level
a - Magic Dart            Conj           100%       1d8       1%          1
b - Mephitic Cloud        Conj/Pois/Air  20%        N/A       11%         3
c - Call Imp              Summ           23%        N/A       4%          2
d - Blink                 Tloc           N/A        N/A       9%          2
e - Conjure Flame         Conj/Fire      26%        6-21      6%          3

Your spell library contained the following spells:

 Spells                   Type           Power      Damage    Failure   Level
 Ensorcelled Hibernation  Hex/Ice        20%        N/A       14%         2
 Slow                     Hex            10%        N/A       14%         2
 Spider Form              Tmut/Pois      6%         N/A       22%         3


Dungeon Overview and Level Annotations

Branches:
Dungeon (6/15)             Temple (1/1) D:4

Altars:
Fedhas
Hepliaklqana
Kikubaaqudgha
Qazlal
Ru
Sif Muna
Trog
Vehumet
Wu Jian
Xom
Zin
The Shining One

Shops:
D:1 (


Message History

The frilled lizard hisses angrily.
Found 4 javelins.
Found a stone staircase leading down.
D - a wand of iceblast (6)
p - 8 scrolls labelled LEIDIFEKHOA (gained 1)
Found a trident.
You see here a +0 trident.
The frilled lizard hisses angrily.
The frilled lizard hisses angrily.
An electric eel comes into view.
The electric eel shoots out a bolt of lightning at you!
The bolt of electricity hits the plant.
The plant begins to die.
The bolt of electricity hits you!
A killer bee zombie comes into view.
The electric eel shoots out a bolt of lightning at you!
The bolt of electricity hits the plant!
The bolt of electricity hits you!
Casting: Mephitic Cloud (dangerous; 11% risk of failure)
Confirm with . or Enter, or press ? or * to list all spells.
Aiming: Mephitic Cloud (dangerous; 11% risk of failure)
Press: ? - help, Shift-Dir - straight line The ball explodes into a vile cloud!
The stinking cloud engulfs the plant but does no damage.
The plant is lightly damaged.
The stinking cloud engulfs the electric eel but does no damage.
You hear a bark!
You hear a loud, deep croak!
You hear an angry hiss.
The electric eel shoots out a bolt of lightning at you!
The bolt of electricity hits the plant!
The bolt of electricity hits you!
Unknown command.
Unknown command.
The killer bee zombie misses you.
The killer bee zombie barely misses you.
Casting: Mephitic Cloud (dangerous; 11% risk of failure)
Confirm with . or Enter, or press ? or * to list all spells.
The fire begins to smoulder!
The killer bee zombie hits you.
* * * LOW HITPOINT WARNING * * *
The killer bee zombie hits you.
* * * LOW HITPOINT WARNING * * *
Unknown command.
The killer bee zombie hits you.
You die...

.........##.# .......####.#
#.. ≈≈≈≈≈≈ .#........#.#
#.# ≈≈≈≈≈≈ .#.#.#.##.#.#
#.# ♣P≈≈≈≈≈ .#.....##.#.##
#.# ≈≈≈≈≈≈≈
.###.####..#.###.# P≈≈≈≈≈≈
.# #.# ##.###.##.#
#♣♣≈≈≈Z≈≈≈ .# #.# #.##
##.#.# ##≈♣≈≈≈≈≈≈≈ .# #>#
##.###.##@###.♣≈≈Z≈≈≈≈≈ .#
#.#####.#....§Z...♣≈≈PP;≈≈≈
.#
#....(........###.♣≈P≈P≈≈≈≈
##
########.....######≈♣≈≈P≈≈≈
###.........♣≈≈≈≈≈PP
#.#.######♣♣≈♣≈≈≈♣ #.#.#
≈≈≈≈≈ #.#.# ≈ ♣≈≈
######...#


You could see a killer bee zombie.

Vanquished Creatures
  Pikel (D:5)
  2 black bears
  2 necrophages
  2 ogres (D:5)
  A lemure (D:5)
  Blork the orc (D:5)
  A kobold brigand (D:3)
  A scorpion (D:6)
  A jelly (D:5)
  An orc priest (D:3)
  An iguana (D:5)
  4 adders
  3 dart slugs
  11 orcs
  4 ball pythons
  7 endoplasms
  A giant cockroach (D:1)
  2 goblins
  5 hobgoblins
  8 jackals
  5 quokkas
  5 bats
  3 frilled lizards
  7 kobolds
  6 rats
  A butterfly (D:4)
86 creatures vanquished.

Vanquished Creatures (collateral kills)
  A giant cockroach (D:3)
1 creature vanquished.

Vanquished Creatures (others)
  19 fungi (D:6)
  2 plants
21 creatures vanquished.

Grand Total: 108 creatures vanquished

Notes
Turn   | Place    | Note
-------+----------+-------------------------------------------
     0 | D:1      | pokeman the Deep Elf Hedge Wizard began the quest for the
                  | Orb.
     0 | D:1      | Reached XP level 1. HP: 10/10 MP: 7/7
   287 | D:1      | Reached XP level 2. HP: 16/16 MP: 5/9
  1286 | D:1      | Reached skill level 5 in Spellcasting
  1373 | D:1      | Found Jyefan's Antique Weapon Shop.
  1732 | D:2      | Reached XP level 3. HP: 20/20 MP: 8/11
  1736 | D:2      | Learned a level 3 spell: Mephitic Cloud
  1739 | D:2      | Learned a level 2 spell: Call Imp
  1742 | D:2      | Learned a level 2 spell: Blink
  1746 | D:2      | Learned a level 3 spell: Conjure Flame
  1920 | D:2      | Found a faded altar of an unknown god.
  2030 | D:2      | Reached skill level 1 in Armour
  2166 | D:2      | Reached skill level 1 in Fighting
  2500 | D:3      | Reached XP level 4. HP: 21/25 MP: 13/13
  2719 | D:3      | Reached skill level 1 in Fire Magic
  3237 | D:3      | Noticed a necrophage
  3262 | D:3      | Killed a necrophage
  3263 | D:3      | Reached skill level 6 in Spellcasting
  3263 | D:3      | Reached skill level 1 in Air Magic
  3263 | D:3      | Reached XP level 5. HP: 29/29 MP: 0/15
  3455 | D:3      | Reached XP level 6. HP: 10/34 MP: 13/17
  3844 | D:4      | Reached skill level 1 in Poison Magic
  4178 | D:4      | Found a staircase to the Ecumenical Temple.
  4187 | Temple   | Entered the Ecumenical Temple
  4233 | Temple   | Became a worshipper of Vehumet
  4449 | D:5      | Entered Level 5 of the Dungeon
  4458 | D:5      | Reached skill level 7 in Spellcasting
  4458 | D:5      | Reached skill level 1 in Evocations
  4716 | D:5      | Noticed Blork the orc
  4741 | D:5      | Killed Blork the orc
  4742 | D:5      | Reached XP level 7. HP: 16/38 MP: 10/20
  5114 | D:5      | Reached skill level 8 in Spellcasting
  5126 | D:5      | Noticed Pikel
  5136 | D:5      | Killed Pikel
  5137 | D:5      | Reached skill level 9 in Spellcasting
  5137 | D:5      | Reached XP level 8. HP: 45/45 MP: 12/23
  5707 | D:6      | Reached skill level 5 in Conjurations
  5981 | D:6      | Slain by a killer bee zombie

Illustrated notes

Levels and vault maps discovered:
D:1:      elethiomel_arrival_infinity_welcomes_careful_drivers, layout_rooms,
          serial_forest, infiniplex_forest_clump_cross,
          infiniplex_forest_clump_tiny, infiniplex_forest_clump_small,
          infiniplex_forest_clump_double, infiniplex_forest_zigzag_1,
          infiniplex_forest_clump_cross, serial_shops, nicolae_shop_stone
D:2:      layout_rooms, shapermc_ecumenical_altar_mp_vishouse
D:3:      layout_rooms
D:4:      layout_cave_pools, minmay_temple_entry_butterflies,
          minmay_tree_intersection, minivault_4, columned_hall_lemuel
D:5:      layout_rooms, uniq_blork_the_orc, uniq_pikel
D:6:      layout_loops_ring, mainiacjoe_overflow_divided_tiny, serial_aquarium,
          aquarium_bridge_straight [aquarium_subvault_bridge,
          aquarium_subvault_window, aquarium_subvault_bridge,
          aquarium_subvault_wall], aquarium_bridge_straight
          [aquarium_subvault_bridge, aquarium_subvault_window,
          aquarium_subvault_bridge, aquarium_subvault_wall], aquarium_window_3,
          aquarium_window_corner, aquarium_window_corner, aquarium_window_1,
          aquarium_view_2c, aquarium_view_2d, serial_bayou_lake_a
Temple:   dshaligram_water_room_temple

Skill      XL: |  1  2  3  4  5  6  7  8 |
---------------+-------------------------+-----
Spellcasting   | 5 6 7 9 |  9.5
Armour         | 1 |  1.6
Fighting       | 1 2 |  2.4
Conjurations   | 2 3 4 5 |  5.0
Fire Magic     | 1 2 |  2.2
Dodging        | 3 |  3.2
Air Magic      | 1 |  1.1
Poison Magic   | 1 |  1.0
Stealth        | 3 |  3.3
Evocations     | 1 |  1.0
Summonings     | 2 3 |  3.0
Translocations | |  1.1

Action                   |  1- 3 |  4- 6 |  7- 9 || total
-------------------------+-------+-------+-------++-------
Melee: Dagger            |    14 |       |       ||    14
       Whip              |    12 |    25 |    14 ||    51
 Cast: Magic Dart        |   102 |    86 |    15 ||   203
       Mephitic Cloud    |       |     6 |     5 ||    11
       Conjure Flame     |       |     1 |     4 ||     5
       Call Imp          |       |     1 |     2 ||     3
       Blink             |       |     2 |       ||     2
 Stab: Confused          |       |     1 |     2 ||     3
Armor: Robe              |     3 |       |       ||     3
       Leather armour    |    11 |     2 |     3 ||    16
Dodge: Dodged            |    39 |    16 |    12 ||    67

Table legend: (Time is in decaauts)
 A = Elapsed time spent in this place.
 B = Non-inter-level travel time spent in this place.
 C = Inter-level travel time spent in this place.
 D = Time resting spent in this place.
 E = Time spent auto-exploring this place.
 F = Levels seen in this place.
 G = Mean time per level.
                   A        B        C        D        E       F      G
               +--------+--------+--------+--------+--------+-----+--------+
         Total |   5985 |   5864 |    121 |      9 |   5183 |   7 |  855.0 |
       Dungeon |   5929 |   5816 |    113 |      9 |   5150 |   6 |  988.2 |
        Temple |     55 |     47 |      8 |      0 |     33 |   1 |   55.0 |
               +--------+--------+--------+--------+--------+-----+--------+

Top non-repeatable levels by time:
     D:1: 1569 daAuts
     D:3: 1329 daAuts
     D:5: 1095 daAuts
     D:2: 804 daAuts
     D:4: 692 daAuts
     D:6: 438 daAuts
  Temple: 55 daAuts
